 Dungeon Crawl Stone Soup version 0.19-a0-1827-g174f941 (webtiles) character file.

91 Zhenya24pyc the Covered (level 4, -5/29 HPs)
             Began as a Gargoyle Fighter on Oct 7, 2016.
             Slain by a gnoll
             ... wielding a cursed -3 halberd
              (6 damage)
             ... on level 2 of the Dungeon.
             The game lasted 00:01:38 (957 turns).

Zhenya24pyc the Covered (Gargoyle Fighter)           Turns: 957, Time: 00:01:39

Health: -5/29      AC: 10    Str: 21    XL:     4   Next: 59%
Magic:  4/4        EV:  7    Int:  8    God:
Gold:   145        SH:  9    Dex:  9    Spells: 0 memorised, 3 levels left

rFire  . . .     SeeInvis .     a - +0 war axe
rCold  . . .     Gourm    .     b - +0 scale mail
rNeg   + . .     Faith    .     c - +0 shield
rPois  ∞         Spirit   .     (no helmet)
rElec  +         Dismiss  .     (no cloak)
rCorr  .         Reflect  .     (no gloves)
MR     .....     Harm     .     (no boots)
Stlth  ..........               (no amulet)
                                (no ring)
                                (no ring)

@: no status effects
A: negative energy resistance 1, electricity resistance, unbreathing,
petrification resistance, rot immunity, AC +3
a: no special abilities


You were on level 2 of the Dungeon.
You were hungry.

You visited 1 branch of the dungeon, and saw 2 of its levels.

You collected 145 gold pieces.

Inventory:

Hand Weapons
 a - a +0 war axe (weapon)
Armour
 b - a +0 scale mail (worn)
 c - a +0 shield (worn)
Scrolls
 e - 2 scrolls of identify {unknown}
 g - a scroll of amnesia {unknown}
 h - a scroll of recharging {unknown}
 j - a scroll of enchant armour {unknown}
 k - a scroll of random uselessness {unknown}
 m - 2 scrolls of fog {unknown}
 n - 4 scrolls of magic mapping {unknown}
Potions
 d - a potion of might
 p - 2 potions of lignification {unknown}
Comestibles
 f - 3 bread rations
 i - a meat ration
 l - a royal jelly
 o - 4 beef jerkies


   Skills:
 + Level 4.1 Fighting
 * Level 2.9 Axes
 + Level 4.2 Armour
 - Level 3.2 Shields


You had 3 spell levels left.
You didn't know any spells.

Dungeon Overview and Level Annotations

Branches:
Dungeon (2/15)

Altars:


Innate Abilities, Weirdness & Mutations

You are resistant to torment.
Your stone body is resilient. (AC +3)
You are immune to poison.
You resist negative energy. (rN+)
You are resistant to electric shocks. (rElec)
You can survive without breathing.
You are immune to petrification.
You are immune to rotting.


Message History

You are too injured to fight recklessly!
You are too injured to fight recklessly!
You are too injured to fight recklessly!
You are too injured to fight recklessly!
You are too injured to fight recklessly!
You are too injured to fight recklessly!
You are too injured to fight recklessly!
You are too injured to fight recklessly!
You are too injured to fight recklessly!
You are too injured to fight recklessly!
You are too injured to fight recklessly!
You are too injured to fight recklessly!
Unknown command.
You are too injured to fight recklessly!
You are too injured to fight recklessly!
The gnoll barely misses you. You block the gnoll's attack.
The gnoll hits you from afar with a halberd.
* * * LOW HITPOINT WARNING * * *
The gnoll hits you with a halberd.
You die...

#.##.##.......# #
#........÷....### #
#...............# #
##..###..)....##.###
#
.........##.###.....
.##.#####.###.###.#
##.###
........#.....# #.#
### # #....g###.###
#.# # #....)g@..#
..# # #.....#####
### # #.....# #
###!### # #. #. #.


You could see 2 gnolls.

Vanquished Creatures
  A gnoll (D:2)
  4 adders (D:2)
  3 dart slugs
  5 bats
  2 giant cockroaches
  4 hobgoblins
  8 jackals
  A frilled lizard (D:1)
  2 goblins
  5 kobolds
  6 rats
41 creatures vanquished.

Notes
Turn   | Place    | Note
-------+----------+-------------------------------------------
     0 | D:1      | Zhenya24pyc the Gargoyle Fighter began the quest for the Orb.
     0 | D:1      | Reached XP level 1. HP: 14/14 MP: 1/1
   217 | D:1      | Reached XP level 2. HP: 19/19 MP: 2/2
   562 | D:2      | Reached XP level 3. HP: 23/23 MP: 3/3
   656 | D:2      | Reached XP level 4. HP: 17/29 MP: 4/4
   957 | D:2      | HP: 1/29 [gnoll/halberd (4)]
   957 | D:2      | Slain by a gnoll

Vault maps used:
D:1:      mainiacjoe_arrival_reflecting_pool, serial_bayou_lake_a
D:2:      serial_forest, infiniplex_forest_straight_4,
          infiniplex_forest_corner_1, infiniplex_forest_clump_long,
          infiniplex_forest_lined_3

Skill      XL: |  1  2  3 |
---------------+----------+-----
Axes           | 2 |  2.9
Armour         | 4 |  4.2
Fighting       | 4 |  4.1
Shields        | |  3.2

Action                   |  1- 3 |  4- 6 || total
-------------------------+-------+-------++-------
Melee: War axe           |   109 |    42 ||   151
Armor: Scale mail        |    63 |    37 ||   100
Dodge: Dodged            |    34 |    22 ||    56
Block: Shield            |    59 |    27 ||    86
